Boston Bruins vs Minnesota North Stars
Created - Monday, April 29, 2024 at 06:59
Goals
|
| Boston Bruins |
0 |
1 |
2 |
3 |
| Minnesota North Stars |
1 |
0 |
1 |
2 |
|
Shots
|
| Boston Bruins |
13 |
9 |
18 |
40 |
| Minnesota North Stars |
12 |
12 |
12 |
36 |
|
1st period
1. Minnesota North Stars , Evan Rodrigues 7 (Jeff Skinner 26, Jack Hughes 24) at 7:20
Penalties :
Luke Kunin (BOS) for Roughing (Minor) at 5:16, Brandon Montour (MNS) for Slashing (Minor) at 16:45
2nd period
2. Boston Bruins , Matt Grzelcyk 1 (Joe Veleno 9, Samuel Bolduc 6) at 11:02
Penalties :
Pavel Zacha (BOS) for Hooking (Minor) at 15:31
3rd period
3. Boston Bruins , John-Jason Peterka 10 (Samuel Girard 15, Ryan Donato 11) at 2:42
4. Boston Bruins , John-Jason Peterka 11 (Morgan Geekie 14, Ryan Donato 12) at 7:07
5. Minnesota North Stars , Viktor Arvidsson 15 (Rasmus Dahlin 26, Jack Hughes 25) at 17:06
Penalties :
Charlie McAvoy (BOS) for Hooking (Minor) at 4:58, Brandon Hagel (BOS) for Tripping (Minor) at 8:57, Tyson Barrie (BOS) for Tripping (Minor) at 17:17
Goalie Stats
Pyotr Kochetkov (BOS), 34 saves from 36 shots - (0.944), W, 8-16-5, 60:00 minutes
Antti Raanta (MNS), 37 saves from 40 shots - (0.925), L, 14-14-2, 59:29 minutes
Players Stats for Boston Bruins
Player Name G A P +/- PIM S H SB GA TA FO MP PP MP PK MP
------------------------------------------------------------------------------------
Anthony Beauvillier 0 0 0 -1 0 4 2 1 0 1 1/2 19:53 0:46 4:25
Brandon Hagel 0 0 0 -1 2 3 3 0 0 1 1/3 19:15 0:46 3:20
Cam York 0 0 0 1 0 1 1 2 0 2 0/0 22:34 0:45 4:53
Charlie McAvoy 0 0 0 -2 2 1 3 2 0 1 0/0 21:53 1:14 3:47
Curtis Hall 0 0 0 1 0 1 0 0 0 1 2/4 6:42 0:00 0:00
David Krejci 0 0 0 0 0 5 1 0 0 0 14/20 20:14 1:13 4:46
Joe Veleno 0 1 1 0 0 2 1 0 1 0 0/0 6:56 0:00 0:09
Joel Farabee 0 0 0 0 0 2 3 0 2 0 0/0 15:17 1:13 0:00
John-Jason Peterka 2 0 2 2 0 8 0 1 1 0 1/2 14:25 0:00 2:21
Luke Kunin 0 0 0 -1 2 1 0 0 0 0 0/1 15:21 1:13 0:00
Matt Grzelcyk 1 0 1 1 0 2 0 0 0 1 0/0 14:32 0:00 0:24
Morgan Geekie 0 1 1 2 0 1 0 0 0 0 1/1 12:04 0:00 0:00
Otto Koivula 0 0 0 1 0 1 0 0 0 0 0/0 6:42 0:00 0:00
Pavel Zacha 0 0 0 -1 2 3 1 0 0 0 11/24 19:16 0:46 3:31
Ryan Donato 0 2 2 1 0 1 1 0 1 0 3/10 13:56 0:00 1:18
Samuel Bolduc 0 1 1 2 0 2 0 0 0 0 0/0 16:08 0:00 1:51
Samuel Girard 0 1 1 1 0 0 0 2 1 1 0/0 22:27 0:45 4:47
Tyson Barrie 0 0 0 -1 2 2 0 2 0 1 0/0 22:25 1:14 4:08
Players Stats for Minnesota North Stars
Player Name G A P +/- PIM S H SB GA TA FO MP PP MP PK MP
------------------------------------------------------------------------------------
Adam Lowry 0 0 0 0 0 1 2 1 0 0 5/6 14:41 0:00 0:53
Brandon Montour 0 0 0 0 2 4 1 3 1 2 0/0 21:15 5:04 0:00
Brock Nelson 0 0 0 0 0 4 2 0 0 0 0/0 14:11 0:00 0:00
Eeli Tolvanen 0 0 0 0 0 0 0 0 0 0 0/0 6:13 0:00 0:00
Evan Rodrigues 1 0 1 0 0 5 0 0 1 0 0/0 6:10 0:00 0:00
Evgeni Malkin 0 0 0 -1 0 0 1 0 1 0 6/19 13:04 0:00 0:00
Frank Vatrano 0 0 0 0 0 1 2 0 0 0 0/1 18:55 5:03 0:00
Gustav Forsling 0 0 0 0 0 1 2 2 0 0 0/0 21:51 5:04 0:51
Jack Hughes 0 2 2 0 0 1 0 0 1 0 5/16 19:31 4:52 0:00
Jamie Oleksiak 0 0 0 0 0 0 1 1 1 0 0/0 16:51 0:00 1:08
Jeff Skinner 0 1 1 -1 0 4 0 0 1 0 1/1 19:00 4:52 0:00
Jonathan Toews 0 0 0 0 0 1 1 0 0 0 2/2 7:36 0:00 1:06
Neal Pionk 0 0 0 0 0 1 1 0 1 2 0/0 17:15 0:00 1:08
Rasmus Dahlin 0 1 1 -1 0 2 2 0 0 0 0/0 22:05 4:51 0:51
Ryan Nugent-Hopkins 0 0 0 0 0 4 3 1 0 0 11/19 20:02 5:03 1:06
Sean Durzi 0 0 0 -1 0 2 1 1 0 0 0/0 20:41 4:51 0:00
Viktor Arvidsson 1 0 1 0 0 4 1 0 2 1 3/3 19:32 5:03 0:00
Zach Parise 0 0 0 -1 0 1 1 1 0 1 0/0 19:06 4:52 0:53
3 Stars
1 - John-Jason Peterka (BOS)
2 - Pyotr Kochetkov (BOS)
3 - Ryan Donato (BOS)
Power Play
Boston Bruins - 0 on 2 Attempt(s) - 0.00%
Minnesota North Stars - 0 on 4 Attempt(s) - 0.00%
Penalty Kill
Boston Bruins - 4 on 4 Attempt(s) - 100.00%
- Score 0 goal in Penalty Kill
Minnesota North Stars - 2 on 2 Attempt(s) - 100.00%
- Score 0 goal in Penalty Kill
Team Stat
Boston Bruins - Hits : 16 - Faceoff Wins : 34 - Blocked Shots : 10 - Penalty Minutes : 10
Minnesota North Stars - Hits : 21 - Faceoff Wins : 33 - Blocked Shots : 10 - Penalty Minutes : 2
Official
Referees : Ghislain Hebert and Steve Kozari
Linesman : Michel Cormier and Brad Lazarowich
Game Notes
Eeli Tolvanen is injured at 5:41 of 2nd period (Bruised Left Leg)
8:28 of 2nd period - Penalty Shot by Evan Rodrigues for Minnesota North Stars - Stopped by Pyotr Kochetkov
Finance
Level 1 -- Attendance: 4509 (75.15%) -- Ticket Income $450,900
Level 2 -- Attendance: 3953 (79.06%) -- Ticket Income $237,180
Level 3 -- Attendance: 2101 (70.03%) -- Ticket Income $73,535
Level 4 -- Attendance: 3400 (68.00%) -- Ticket Income $85,000
Luxury Box -- Attendance: 795 (79.50%) -- Ticket Income $159,000
Game was played at the Met Center.
Total Attendance: 14758 (73.79%)
Total Ticket Income: $1,005,615
Other Income: $351,965
Total Income: $1,357,580
Boston Bruins
5 vs 5 Forward
Center Left Wing Right Wing Time % Phy DF OF
1 Pavel Zacha Brandon Hagel Anthony Beauvillier 30 1 2 2
2 David Krejci Luke Kunin Joel Farabee 30 1 2 2
3 Ryan Donato John-Jason Peterka Morgan Geekie 25 1 2 2
4 Curtis Hall Joe Veleno Otto Koivula 15 1 2 2
5 vs 5 Defense
Defense Defense Time % Phy DF OF
1 Charlie McAvoy Tyson Barrie 35 1 2 2
2 Samuel Girard Cam York 35 1 2 2
3 Matt Grzelcyk Samuel Bolduc 30 1 2 2
4 Charlie McAvoy Tyson Barrie 0 1 2 2
PowerPlay Forward
Center Left Wing Right Wing Time % Phy DF OF
1 Pavel Zacha Brandon Hagel Anthony Beauvillier 50 1 2 2
2 David Krejci Luke Kunin Joel Farabee 50 1 2 2
PowerPlay Defense
Defense Defense Time % Phy DF OF
1 Charlie McAvoy Tyson Barrie 50 1 2 2
2 Samuel Girard Cam York 50 1 2 2
Penalty Kill 4 Players Forward
Center Wing Time % Phy DF OF
1 Brandon Hagel Pavel Zacha 50 1 2 2
2 David Krejci Anthony Beauvillier 50 1 2 2
Penalty Kill 4 Players Defense
Defense Defense Time % Phy DF OF
1 Charlie McAvoy Tyson Barrie 50 1 2 2
2 Samuel Girard Cam York 50 1 2 2
Penalty Kill - 3 Players Forward
Forward Time % Phy DF OF
1 Brandon Hagel 50 1 2 2
2 Pavel Zacha 50 1 2 2
Penalty Kill - 3 Players Defense
Defense Defense Time % Phy DF OF
1 Charlie McAvoy Tyson Barrie 50 1 2 2
2 Samuel Girard Cam York 50 1 2 2
4 vs 4 Forward
Center Wing Time % Phy DF OF
1 Brandon Hagel Pavel Zacha 50 1 2 2
2 David Krejci Anthony Beauvillier 50 1 2 2
4 vs 4 Defense
Defense Defense Time % Phy DF OF
1 Charlie McAvoy Tyson Barrie 50 1 2 2
2 Samuel Girard Cam York 50 1 2 2
Last Minutes Offensive
Center Left Wing Right Wing Defense Defense
Pavel Zacha Brandon Hagel Anthony Beauvillier Charlie McAvoy Tyson Barrie
Last Minutes Defensive
Center Left Wing Right Wing Defense Defense
Pavel Zacha Brandon Hagel Anthony Beauvillier Charlie McAvoy Tyson Barrie
Goaltenders
Starting : Pyotr Kochetkov
Backup : Leevi Merilainen
Extra Forwards
Normal : Curtis Hall, Ryan Donato, John-Jason Peterka - PP : Curtis Hall, Ryan Donato - PK : John-Jason Peterka
Extra Defensemen
Normal : Matt Grzelcyk, Samuel Bolduc, Samuel Girard - PP : Matt Grzelcyk - PK : Samuel Bolduc, Samuel Girard
Penalty Shots
Brandon Hagel, Pavel Zacha, David Krejci, Anthony Beauvillier, Luke Kunin
Minnesota North Stars
5 vs 5 Forward
Center Left Wing Right Wing Time % Phy DF OF
1 Ryan Nugent-Hopkins Brock Nelson Frank Vatrano 29 1 2 2
2 Evgeni Malkin Jeff Skinner Zach Parise 29 1 2 2
3 Jack Hughes Eeli Tolvanen Viktor Arvidsson 29 1 1 3
4 Adam Lowry Evan Rodrigues Jonathan Toews 13 1 2 2
5 vs 5 Defense
Defense Defense Time % Phy DF OF
1 Rasmus Dahlin Jamie Oleksiak 34 1 2 2
2 Brandon Montour Neal Pionk 33 1 2 2
3 Gustav Forsling Sean Durzi 33 1 2 2
4 Jamie Oleksiak Brandon Montour 0 1 2 2
PowerPlay Forward
Center Left Wing Right Wing Time % Phy DF OF
1 Ryan Nugent-Hopkins Viktor Arvidsson Frank Vatrano 50 1 1 3
2 Jack Hughes Zach Parise Jeff Skinner 50 1 1 3
PowerPlay Defense
Defense Defense Time % Phy DF OF
1 Rasmus Dahlin Sean Durzi 50 1 2 2
2 Brandon Montour Gustav Forsling 50 1 2 2
Penalty Kill 4 Players Forward
Center Wing Time % Phy DF OF
1 Jonathan Toews Ryan Nugent-Hopkins 50 1 3 1
2 Adam Lowry Zach Parise 50 2 2 1
Penalty Kill 4 Players Defense
Defense Defense Time % Phy DF OF
1 Jamie Oleksiak Neal Pionk 50 1 3 1
2 Rasmus Dahlin Gustav Forsling 50 1 3 1
Penalty Kill - 3 Players Forward
Forward Time % Phy DF OF
1 Ryan Nugent-Hopkins 50 1 3 1
2 Jonathan Toews 50 1 3 1
Penalty Kill - 3 Players Defense
Defense Defense Time % Phy DF OF
1 Jamie Oleksiak Neal Pionk 50 1 3 1
2 Rasmus Dahlin Gustav Forsling 50 1 3 1
4 vs 4 Forward
Center Wing Time % Phy DF OF
1 Ryan Nugent-Hopkins Frank Vatrano 50 1 2 2
2 Jack Hughes Jeff Skinner 50 1 2 2
4 vs 4 Defense
Defense Defense Time % Phy DF OF
1 Rasmus Dahlin Jamie Oleksiak 50 1 3 1
2 Brandon Montour Neal Pionk 50 1 3 1
Last Minutes Offensive
Center Left Wing Right Wing Defense Defense
Ryan Nugent-Hopkins Brock Nelson Jeff Skinner Neal Pionk Brandon Montour
Last Minutes Defensive
Center Left Wing Right Wing Defense Defense
Jonathan Toews Ryan Nugent-Hopkins Adam Lowry Neal Pionk Brandon Montour
Goaltenders
Starting : Antti Raanta
Backup : Stuart Skinner
Extra Forwards
Normal : Adam Lowry, Viktor Arvidsson, Jonathan Toews - PP : Adam Lowry, Viktor Arvidsson - PK : Jonathan Toews
Extra Defensemen
Normal : Neal Pionk, Sean Durzi, Jamie Oleksiak - PP : Rasmus Dahlin - PK : Sean Durzi, Jamie Oleksiak
Penalty Shots
Ryan Nugent-Hopkins, Evgeni Malkin, Brock Nelson, Jeff Skinner, Viktor Arvidsson
% Time on Ice - Boston Bruins
Lines # - Real PCT - Wanted PCT - Time Play
Normal Forward
1 - 30% - 30% - 14:23
2 - 30% - 30% - 14:15
3 - 25% - 25% - 12:04
4 - 14% - 15% - 6:42
Normal Defense
1 - 35% - 35% - 16:22
2 - 36% - 35% - 16:55
3 - 30% - 30% - 14:07
4 - 0% - 0% - 0:00
PP Forward
1 - 39% - 50% - 0:46
2 - 61% - 50% - 1:13
PP Defense
1 - 62% - 50% - 1:14
2 - 38% - 50% - 0:45
PK Forward
1 - 51% - 50% - 5:06
2 - 49% - 50% - 4:49
PK Defense
1 - 52% - 50% - 5:08
2 - 48% - 50% - 4:47
PK3 Forward
1 - 0% - 50%
2 - 0% - 50%
PK3 Defense
1 - 0% - 50%
2 - 0% - 50%
44 Forward
1 - 0% - 50%
2 - 0% - 50%
44 Defense
1 - 0% - 50%
2 - 0% - 50%
Last Minute Offensive - 0:00
Last Minute Defensive - 0:42
Total
Forward - 60:00
Defense - 60:00
|
% Time on Ice - Minnesota North Stars
Lines # - Real PCT - Wanted PCT - Time Play
Normal Forward
1 - 29% - 29% - 13:45
2 - 28% - 29% - 13:14
3 - 31% - 29% - 14:29
4 - 13% - 13% - 6:01
Normal Defense
1 - 34% - 34% - 16:03
2 - 34% - 33% - 15:56
3 - 33% - 33% - 15:30
4 - 0% - 0% - 0:00
PP Forward
1 - 51% - 50% - 5:03
2 - 49% - 50% - 4:52
PP Defense
1 - 49% - 50% - 4:51
2 - 51% - 50% - 5:04
PK Forward
1 - 55% - 50% - 1:06
2 - 45% - 50% - 0:53
PK Defense
1 - 57% - 50% - 1:08
2 - 43% - 50% - 0:51
PK3 Forward
1 - 0% - 50%
2 - 0% - 50%
PK3 Defense
1 - 0% - 50%
2 - 0% - 50%
44 Forward
1 - 0% - 50%
2 - 0% - 50%
44 Defense
1 - 0% - 50%
2 - 0% - 50%
Last Minute Offensive - 0:37
Last Minute Defensive - 0:00
Total
Forward - 60:00
Defense - 60:00
|
Play-by-Play
1st period
0:01 of 1st period - Ryan Nugent-Hopkins wins face-off versus Pavel Zacha in neutral zone.
0:04 of 1st period - Wrist shot by Brock Nelson.
0:04 of 1st period - Shot Blocked by Charlie McAvoy.
0:55 of 1st period - Snap shot by Morgan Geekie.
0:55 of 1st period - Deflect By Ryan Donato.
0:55 of 1st period - Shot Misses the Net.
0:55 of 1st period - Puck is out of play.
0:56 of 1st period - Adam Lowry wins face-off versus Curtis Hall in Minnesota North Stars zone.
1:03 of 1st period - Slapshot by Evan Rodrigues.
1:03 of 1st period - Stopped by Pyotr Kochetkov without a rebound.
1:04 of 1st period - Adam Lowry wins face-off versus Curtis Hall in Boston Bruins zone.
1:08 of 1st period - Icing by Curtis Hall.
1:09 of 1st period - Curtis Hall wins face-off versus Jack Hughes in Boston Bruins zone.
1:09 of 1st period - Curtis Hall is hit by Gustav Forsling.
1:19 of 1st period - Slapshot by Samuel Girard.
1:19 of 1st period - Shot Blocked by Gustav Forsling.
1:25 of 1st period - Slapshot by Cam York.
1:25 of 1st period - Shot Misses the Net.
1:27 of 1st period - Wrist shot by Joe Veleno.
1:27 of 1st period - Shot Misses the Net.
1:29 of 1st period - Wrist shot by Joe Veleno.
1:29 of 1st period - Stopped by Antti Raanta with a rebound.
1:31 of 1st period - Snap shot by Joe Veleno.
1:31 of 1st period - Stopped by Antti Raanta without a rebound.
1:32 of 1st period - Morgan Geekie wins face-off versus Evgeni Malkin in Minnesota North Stars zone.
1:57 of 1st period - Luke Kunin is hit by Ryan Nugent-Hopkins and loses puck.
2:28 of 1st period - Snap shot by Evan Rodrigues.
2:28 of 1st period - Shot Blocked by Cam York.
2:30 of 1st period - Snap shot by Jonathan Toews.
2:30 of 1st period - Shot Misses the Net.
2:46 of 1st period - Snap shot by Jack Hughes.
2:46 of 1st period - Shot Misses the Net.
2:48 of 1st period - Slapshot by Sean Durzi.
2:48 of 1st period - Stopped by Pyotr Kochetkov with a rebound.
3:02 of 1st period - Samuel Girard is hit by Sean Durzi and loses puck.
3:09 of 1st period - Wrist shot by Ryan Donato.
3:09 of 1st period - Shot Misses the Net.
3:13 of 1st period - Wrist shot by John-Jason Peterka.
3:13 of 1st period - Shot Misses the Net.
3:15 of 1st period - Snap shot by Morgan Geekie.
3:15 of 1st period - Shot Misses the Net.
3:29 of 1st period - Wrist shot by Jeff Skinner.
3:29 of 1st period - Stopped by Pyotr Kochetkov with a rebound.
3:49 of 1st period - Off-side.
3:50 of 1st period - Viktor Arvidsson wins face-off versus Pavel Zacha in neutral zone.
3:55 of 1st period - Wrist shot by Viktor Arvidsson.
3:55 of 1st period - Shot Misses the Net.
4:16 of 1st period - Jeff Skinner is hit by Brandon Hagel and loses puck.
4:39 of 1st period - Wrist shot by Brock Nelson.
4:39 of 1st period - Deflect By Frank Vatrano.
4:39 of 1st period - Stopped by Pyotr Kochetkov with a rebound.
4:41 of 1st period - Slapshot by Neal Pionk.
4:41 of 1st period - Stopped by Pyotr Kochetkov with a rebound.
4:43 of 1st period - Snap shot by Frank Vatrano.
4:43 of 1st period - Shot Misses the Net.
5:05 of 1st period - Wrist shot by Jack Hughes.
5:05 of 1st period - Shot Blocked by Anthony Beauvillier.
5:07 of 1st period - Slapshot by Viktor Arvidsson.
5:07 of 1st period - Deflect By Samuel Bolduc.
5:07 of 1st period - Shot Misses the Net.
5:07 of 1st period - Puck is out of play.
5:08 of 1st period - Evgeni Malkin wins face-off versus Luke Kunin in Boston Bruins zone.
5:16 of 1st period - Minor Penalty to Luke Kunin for Roughing.
5:17 of 1st period - Ryan Nugent-Hopkins wins face-off versus David Krejci in Boston Bruins zone.
7:16 of 1st period - Penalty to Luke Kunin is over, Luke Kunin is back on ice.
7:20 of 1st period - Snap shot by Evan Rodrigues.
7:20 of 1st period - Goal by Evan Rodrigues - Boston Bruins : 0 - Minnesota North Stars : 1.
7:21 of 1st period - Ryan Nugent-Hopkins wins face-off versus Ryan Donato in neutral zone.
7:46 of 1st period - Morgan Geekie is hit by Jamie Oleksiak and loses puck.
7:57 of 1st period - Snap shot by John-Jason Peterka.
7:57 of 1st period - Stopped by Antti Raanta with a rebound.
8:07 of 1st period - Snap shot by John-Jason Peterka.
8:07 of 1st period - Stopped by Antti Raanta with a rebound.
8:17 of 1st period - Wrist shot by Ryan Donato.
8:17 of 1st period - Deflect By Morgan Geekie.
8:17 of 1st period - Shot Misses the Net.
8:17 of 1st period - Puck is out of play.
8:18 of 1st period - David Krejci wins face-off versus Evgeni Malkin in Minnesota North Stars zone.
8:21 of 1st period - Slapshot by David Krejci.
8:21 of 1st period - Stopped by Antti Raanta without a rebound.
8:22 of 1st period - David Krejci wins face-off versus Evgeni Malkin in Minnesota North Stars zone.
8:55 of 1st period - Slapshot by Tyson Barrie.
8:55 of 1st period - Deflect By Sean Durzi.
8:55 of 1st period - Stopped by Antti Raanta with a rebound.
8:57 of 1st period - Slapshot by Curtis Hall.
8:57 of 1st period - Stopped by Antti Raanta with a rebound.
9:29 of 1st period - Joel Farabee is hit by Jonathan Toews and loses puck.
9:34 of 1st period - Snap shot by Evan Rodrigues.
9:34 of 1st period - Shot Misses the Net.
9:36 of 1st period - Snap shot by Evan Rodrigues.
9:36 of 1st period - Stopped by Pyotr Kochetkov with a rebound.
9:40 of 1st period - Snap shot by Jonathan Toews.
9:40 of 1st period - Shot Misses the Net.
9:58 of 1st period - Snap shot by John-Jason Peterka.
9:58 of 1st period - Stopped by Antti Raanta without a rebound.
9:59 of 1st period - Ryan Nugent-Hopkins wins face-off versus Pavel Zacha in Minnesota North Stars zone.
10:06 of 1st period - Wrist shot by Brock Nelson.
10:06 of 1st period - Stopped by Pyotr Kochetkov with a rebound.
10:28 of 1st period - Snap shot by Joel Farabee.
10:28 of 1st period - Shot Blocked by Zach Parise.
10:30 of 1st period - Snap shot by Matt Grzelcyk.
10:30 of 1st period - Shot Misses the Net.
10:32 of 1st period - Slapshot by Samuel Bolduc.
10:32 of 1st period - Stopped by Antti Raanta with a rebound.
11:27 of 1st period - Slapshot by Joel Farabee.
11:27 of 1st period - Stopped by Antti Raanta with a rebound.
11:29 of 1st period - Slapshot by Samuel Girard.
11:29 of 1st period - Shot Misses the Net.
11:31 of 1st period - Wrist shot by David Krejci.
11:31 of 1st period - Shot Misses the Net.
11:35 of 1st period - Snap shot by David Krejci.
11:35 of 1st period - Stopped by Antti Raanta with a rebound.
11:37 of 1st period - Wrist shot by Luke Kunin.
11:37 of 1st period - Stopped by Antti Raanta without a rebound.
11:38 of 1st period - Jeff Skinner wins face-off versus Ryan Donato in Minnesota North Stars zone.
12:03 of 1st period - Rasmus Dahlin is hit by Joel Farabee and loses puck.
12:47 of 1st period - Wrist shot by Jonathan Toews.
12:47 of 1st period - Stopped by Pyotr Kochetkov with a rebound.
12:55 of 1st period - Wrist shot by Evan Rodrigues.
12:55 of 1st period - Stopped by Pyotr Kochetkov without a rebound.
12:56 of 1st period - David Krejci wins face-off versus Evgeni Malkin in Boston Bruins zone.
13:01 of 1st period - Zach Parise is hit by Charlie McAvoy and loses puck.
13:29 of 1st period - Snap shot by John-Jason Peterka.
13:29 of 1st period - Deflect By Ryan Donato.
13:29 of 1st period - Shot Blocked by Brandon Montour.
13:29 of 1st period - Puck is out of play.
13:30 of 1st period - Ryan Nugent-Hopkins wins face-off versus Pavel Zacha in Minnesota North Stars zone.
14:12 of 1st period - Wrist shot by Jeff Skinner.
14:12 of 1st period - Deflect By Zach Parise.
14:12 of 1st period - Stopped by Pyotr Kochetkov with a rebound.
14:14 of 1st period - Snap shot by Zach Parise.
14:14 of 1st period - Deflect By Samuel Girard.
14:14 of 1st period - Shot Blocked by Samuel Girard.
14:14 of 1st period - Puck is out of play.
14:15 of 1st period - Viktor Arvidsson wins face-off versus Ryan Donato in Boston Bruins zone.
15:38 of 1st period - Slapshot by Eeli Tolvanen.
15:38 of 1st period - Shot Misses the Net.
16:00 of 1st period - Snap shot by Evgeni Malkin.
16:00 of 1st period - Shot Blocked by Tyson Barrie.
16:10 of 1st period - Charlie McAvoy is hit by Frank Vatrano and loses puck.
16:17 of 1st period - Snap shot by Ryan Nugent-Hopkins.
16:17 of 1st period - Deflect By Brock Nelson.
16:17 of 1st period - Stopped by Pyotr Kochetkov with a rebound.
16:19 of 1st period - Snap shot by Frank Vatrano.
16:19 of 1st period - Deflect By Brock Nelson.
16:19 of 1st period - Shot Misses the Net.
16:19 of 1st period - Puck is out of play.
16:20 of 1st period - David Krejci wins face-off versus Jack Hughes in Boston Bruins zone.
16:45 of 1st period - Minor Penalty to Brandon Montour for Slashing.
16:46 of 1st period - Jonathan Toews wins face-off versus Pavel Zacha in Minnesota North Stars zone.
17:40 of 1st period - Icing by David Krejci.
17:41 of 1st period - Jonathan Toews wins face-off versus David Krejci in Boston Bruins zone.
17:47 of 1st period - Icing by Charlie McAvoy.
17:48 of 1st period - Adam Lowry wins face-off versus David Krejci in Boston Bruins zone.
18:45 of 1st period - Penalty to Brandon Montour is over, Brandon Montour is back on ice.
19:11 of 1st period - Ryan Nugent-Hopkins is hit by Joe Veleno and loses puck.
19:58 of 1st period - Slapshot by Pavel Zacha.
19:58 of 1st period - Stopped by Antti Raanta with a rebound.
Goals for this period are 0 for Boston Bruins vs 1 for Minnesota North Stars.
Shots for this period are 13 for Boston Bruins vs 12 for Minnesota North Stars.
2nd period
0:01 of 2nd period - David Krejci wins face-off versus Evgeni Malkin in neutral zone.
0:26 of 2nd period - Jamie Oleksiak is hit by Anthony Beauvillier and loses puck.
1:20 of 2nd period - Slapshot by Evan Rodrigues.
1:20 of 2nd period - Deflect By Tyson Barrie.
1:20 of 2nd period - Stopped by Pyotr Kochetkov with a rebound.
1:43 of 2nd period - Snap shot by Joel Farabee.
1:43 of 2nd period - Stopped by Antti Raanta with a rebound.
1:53 of 2nd period - Zach Parise is hit by Brandon Hagel and loses puck.
2:55 of 2nd period - Matt Grzelcyk is hit by Brandon Montour and loses puck.
3:23 of 2nd period - Snap shot by Luke Kunin.
3:23 of 2nd period - Shot Misses the Net.
3:57 of 2nd period - Wrist shot by John-Jason Peterka.
3:57 of 2nd period - Stopped by Antti Raanta with a rebound.
4:29 of 2nd period - Eeli Tolvanen is hit by Joel Farabee and loses puck.
5:26 of 2nd period - Icing by Rasmus Dahlin.
5:27 of 2nd period - Evgeni Malkin wins face-off versus Anthony Beauvillier in Minnesota North Stars zone.
5:40 of 2nd period - Eeli Tolvanen is hit by Pavel Zacha and loses puck.
5:41 of 2nd period - Eeli Tolvanen from Minnesota North Stars is injured at 5:41 of 2nd period (Bruised Left Leg).
5:42 of 2nd period - David Krejci wins face-off versus Ryan Nugent-Hopkins in Minnesota North Stars zone.
5:47 of 2nd period - Wrist shot by David Krejci.
5:47 of 2nd period - Shot Misses the Net.
5:49 of 2nd period - Snap shot by David Krejci.
5:49 of 2nd period - Stopped by Antti Raanta with a rebound.
5:51 of 2nd period - Slapshot by Tyson Barrie.
5:51 of 2nd period - Shot Misses the Net.
5:53 of 2nd period - Slapshot by Charlie McAvoy.
5:53 of 2nd period - Deflect By David Krejci.
5:53 of 2nd period - Stopped by Antti Raanta without a rebound.
5:54 of 2nd period - Jack Hughes wins face-off versus David Krejci in Minnesota North Stars zone.
5:54 of 2nd period - Jack Hughes is hit by Cam York.
7:00 of 2nd period - Morgan Geekie is hit by Adam Lowry and loses puck.
7:21 of 2nd period - Snap shot by Evgeni Malkin.
7:21 of 2nd period - Shot Misses the Net.
7:23 of 2nd period - Snap shot by Jeff Skinner.
7:23 of 2nd period - Stopped by Pyotr Kochetkov without a rebound.
7:24 of 2nd period - Ryan Nugent-Hopkins wins face-off versus Brandon Hagel in Boston Bruins zone.
7:25 of 2nd period - Snap shot by Brock Nelson.
7:25 of 2nd period - Stopped by Pyotr Kochetkov with a rebound.
8:18 of 2nd period - Slapshot by Samuel Girard.
8:18 of 2nd period - Shot Misses the Net.
8:28 of 2nd period - Penalty Shot by Evan Rodrigues for Minnesota North Stars.
8:28 of 2nd period - Deke by Evan Rodrigues.
8:28 of 2nd period - Stopped by Pyotr Kochetkov.
8:29 of 2nd period - Pavel Zacha wins face-off versus Jack Hughes in Minnesota North Stars zone.
8:32 of 2nd period - Snap shot by Brandon Hagel.
8:32 of 2nd period - Shot Misses the Net.
8:42 of 2nd period - Wrist shot by Viktor Arvidsson.
8:42 of 2nd period - Deflect By Jack Hughes.
8:42 of 2nd period - Stopped by Pyotr Kochetkov with a rebound.
8:58 of 2nd period - Snap shot by Jeff Skinner.
8:58 of 2nd period - Stopped by Pyotr Kochetkov with a rebound.
9:16 of 2nd period - Snap shot by David Krejci.
9:16 of 2nd period - Shot Misses the Net.
9:37 of 2nd period - Snap shot by Viktor Arvidsson.
9:37 of 2nd period - Stopped by Pyotr Kochetkov with a rebound.
9:39 of 2nd period - Slapshot by Viktor Arvidsson.
9:39 of 2nd period - Shot Misses the Net.
9:41 of 2nd period - Slapshot by Jamie Oleksiak.
9:41 of 2nd period - Shot Misses the Net.
9:43 of 2nd period - Snap shot by Adam Lowry.
9:43 of 2nd period - Stopped by Pyotr Kochetkov without a rebound.
9:44 of 2nd period - Jack Hughes wins face-off versus Ryan Donato in Boston Bruins zone.
9:47 of 2nd period - Snap shot by Viktor Arvidsson.
9:47 of 2nd period - Stopped by Pyotr Kochetkov with a rebound.
10:09 of 2nd period - Samuel Girard is hit by Brock Nelson and loses puck.
10:40 of 2nd period - Snap shot by Jeff Skinner.
10:40 of 2nd period - Shot Misses the Net.
10:42 of 2nd period - Slapshot by Zach Parise.
10:42 of 2nd period - Shot Misses the Net.
10:52 of 2nd period - Wrist shot by Brandon Hagel.
10:52 of 2nd period - Stopped by Antti Raanta with a rebound.
10:58 of 2nd period - Wrist shot by Joe Veleno.
10:58 of 2nd period - Shot Misses the Net.
11:00 of 2nd period - Wrist shot by Joe Veleno.
11:00 of 2nd period - Shot Hit the Post.
11:02 of 2nd period - Slapshot by Matt Grzelcyk.
11:02 of 2nd period - Goal by Matt Grzelcyk - Boston Bruins : 1 - Minnesota North Stars : 1.
11:03 of 2nd period - David Krejci wins face-off versus Evgeni Malkin in neutral zone.
11:10 of 2nd period - Wrist shot by David Krejci.
11:10 of 2nd period - Shot Misses the Net.
11:38 of 2nd period - Sean Durzi is hit by Anthony Beauvillier and loses puck.
11:59 of 2nd period - Backhand shot by Ryan Donato.
11:59 of 2nd period - Stopped by Antti Raanta without a rebound.
12:00 of 2nd period - David Krejci wins face-off versus Jack Hughes in Minnesota North Stars zone.
12:34 of 2nd period - Wrist shot by Ryan Nugent-Hopkins.
12:34 of 2nd period - Shot Misses the Net.
12:36 of 2nd period - Snap shot by Brock Nelson.
12:36 of 2nd period - Shot Blocked by Samuel Girard.
12:38 of 2nd period - Slapshot by Ryan Nugent-Hopkins.
12:38 of 2nd period - Stopped by Pyotr Kochetkov without a rebound.
12:39 of 2nd period - Pavel Zacha wins face-off versus Evgeni Malkin in Boston Bruins zone.
12:54 of 2nd period - Snap shot by Anthony Beauvillier.
12:54 of 2nd period - Stopped by Antti Raanta with a rebound.
13:18 of 2nd period - Joel Farabee is hit by Brock Nelson and loses puck.
13:58 of 2nd period - Slapshot by Jeff Skinner.
13:58 of 2nd period - Stopped by Pyotr Kochetkov with a rebound.
15:03 of 2nd period - Ryan Donato is hit by Evgeni Malkin and loses puck.
15:22 of 2nd period - Wrist shot by Pavel Zacha.
15:22 of 2nd period - Stopped by Antti Raanta without a rebound.
15:23 of 2nd period - Ryan Nugent-Hopkins wins face-off versus Pavel Zacha in Minnesota North Stars zone.
15:30 of 2nd period - Backhand shot by Ryan Nugent-Hopkins.
15:30 of 2nd period - Stopped by Pyotr Kochetkov without a rebound.
15:31 of 2nd period - Pavel Zacha wins face-off versus Evgeni Malkin in Boston Bruins zone.
15:31 of 2nd period - Minor Penalty to Pavel Zacha for Hooking.
15:32 of 2nd period - Anthony Beauvillier wins face-off versus Ryan Nugent-Hopkins in Boston Bruins zone.
15:59 of 2nd period - Jeff Skinner is hit by Brandon Hagel and loses puck.
16:26 of 2nd period - Frank Vatrano is hit by Charlie McAvoy and loses puck.
17:31 of 2nd period - Penalty to Pavel Zacha is over, Pavel Zacha is back on ice.
17:42 of 2nd period - Brandon Hagel is hit by Adam Lowry and loses puck.
17:47 of 2nd period - Snap shot by Evan Rodrigues.
17:47 of 2nd period - Shot Blocked by Cam York.
19:08 of 2nd period - David Krejci is hit by Ryan Nugent-Hopkins and loses puck.
19:22 of 2nd period - Icing by Tyson Barrie.
19:23 of 2nd period - Pavel Zacha wins face-off versus Jack Hughes in Boston Bruins zone.
19:36 of 2nd period - Slapshot by Sean Durzi.
19:36 of 2nd period - Stopped by Pyotr Kochetkov without a rebound.
19:37 of 2nd period - Adam Lowry wins face-off versus David Krejci in Boston Bruins zone.
19:40 of 2nd period - Slapshot by Rasmus Dahlin.
19:40 of 2nd period - Shot Misses the Net.
19:48 of 2nd period - Snap shot by David Krejci.
19:48 of 2nd period - Shot Misses the Net.
Goals for this period are 1 for Boston Bruins vs 0 for Minnesota North Stars.
Shots for this period are 9 for Boston Bruins vs 12 for Minnesota North Stars.
3rd period
0:01 of 3rd period - Evgeni Malkin wins face-off versus Pavel Zacha in neutral zone.
0:27 of 3rd period - Frank Vatrano is hit by Ryan Donato and loses puck.
0:32 of 3rd period - Snap shot by John-Jason Peterka.
0:32 of 3rd period - Deflect By Ryan Donato.
0:32 of 3rd period - Shot Blocked by Ryan Nugent-Hopkins.
0:32 of 3rd period - Puck is out of play.
0:33 of 3rd period - David Krejci wins face-off versus Jack Hughes in Minnesota North Stars zone.
0:54 of 3rd period - Luke Kunin is hit by Viktor Arvidsson and loses puck.
1:45 of 3rd period - Matt Grzelcyk is hit by Gustav Forsling.
2:05 of 3rd period - Snap shot by David Krejci.
2:05 of 3rd period - Stopped by Antti Raanta with a rebound.
2:09 of 3rd period - Snap shot by David Krejci.
2:09 of 3rd period - Deflect By Joel Farabee.
2:09 of 3rd period - Shot Blocked by Sean Durzi.
2:09 of 3rd period - Puck is out of play.
2:10 of 3rd period - Pavel Zacha wins face-off versus Frank Vatrano in Minnesota North Stars zone.
2:38 of 3rd period - Off-side.
2:39 of 3rd period - Ryan Donato wins face-off versus Evgeni Malkin in neutral zone.
2:42 of 3rd period - Snap shot by Samuel Girard.
2:42 of 3rd period - Deflect By John-Jason Peterka.
2:42 of 3rd period - Goal by John-Jason Peterka - Boston Bruins : 2 - Minnesota North Stars : 1.
2:43 of 3rd period - Evgeni Malkin wins face-off versus Ryan Donato in neutral zone.
2:51 of 3rd period - Icing by Cam York.
2:52 of 3rd period - Ryan Donato wins face-off versus Evgeni Malkin in Boston Bruins zone.
3:20 of 3rd period - Snap shot by John-Jason Peterka.
3:20 of 3rd period - Stopped by Antti Raanta without a rebound.
3:21 of 3rd period - Ryan Nugent-Hopkins wins face-off versus Pavel Zacha in Minnesota North Stars zone.
3:25 of 3rd period - Off-side.
3:26 of 3rd period - Pavel Zacha wins face-off versus Ryan Nugent-Hopkins in neutral zone.
4:16 of 3rd period - Snap shot by Joel Farabee.
4:16 of 3rd period - Shot Blocked by Brandon Montour.
4:18 of 3rd period - Slapshot by Charlie McAvoy.
4:18 of 3rd period - Stopped by Antti Raanta without a rebound.
4:19 of 3rd period - Ryan Nugent-Hopkins wins face-off versus Pavel Zacha in Minnesota North Stars zone.
4:26 of 3rd period - Slapshot by Brandon Montour.
4:26 of 3rd period - Stopped by Pyotr Kochetkov without a rebound.
4:27 of 3rd period - Ryan Nugent-Hopkins wins face-off versus Pavel Zacha in Boston Bruins zone.
4:44 of 3rd period - Snap shot by Ryan Nugent-Hopkins.
4:44 of 3rd period - Stopped by Pyotr Kochetkov with a rebound.
4:46 of 3rd period - Wrist shot by Brock Nelson.
4:46 of 3rd period - Stopped by Pyotr Kochetkov with a rebound.
4:48 of 3rd period - Snap shot by Brock Nelson.
4:48 of 3rd period - Shot Misses the Net.
4:50 of 3rd period - Wrist shot by Brandon Montour.
4:50 of 3rd period - Stopped by Pyotr Kochetkov without a rebound.
4:51 of 3rd period - Evgeni Malkin wins face-off versus Ryan Donato in Boston Bruins zone.
4:56 of 3rd period - Snap shot by Evgeni Malkin.
4:56 of 3rd period - Shot Blocked by John-Jason Peterka.
4:58 of 3rd period - Minor Penalty to Charlie McAvoy for Hooking.
4:59 of 3rd period - David Krejci wins face-off versus Jack Hughes in Boston Bruins zone.
5:26 of 3rd period - David Krejci is hit by Zach Parise and loses puck.
5:49 of 3rd period - Wrist shot by Jack Hughes.
5:49 of 3rd period - Shot Misses the Net.
5:51 of 3rd period - Slapshot by Zach Parise.
5:51 of 3rd period - Shot Misses the Net.
5:53 of 3rd period - Backhand shot by Brandon Montour.
5:53 of 3rd period - Deflect By Anthony Beauvillier.
5:53 of 3rd period - Stopped by Pyotr Kochetkov without a rebound.
5:54 of 3rd period - Brandon Hagel wins face-off versus Ryan Nugent-Hopkins in Boston Bruins zone.
5:59 of 3rd period - Brandon Hagel is hit by Rasmus Dahlin and loses puck.
6:08 of 3rd period - Slapshot by Tyson Barrie.
6:08 of 3rd period - Shot Misses the Net.
6:10 of 3rd period - Snap shot by Pavel Zacha.
6:10 of 3rd period - Shot Misses the Net.
6:52 of 3rd period - David Krejci is hit by Frank Vatrano and loses puck.
6:58 of 3rd period - Penalty to Charlie McAvoy is over, Charlie McAvoy is back on ice.
7:07 of 3rd period - Snap shot by John-Jason Peterka.
7:07 of 3rd period - Goal by John-Jason Peterka - Boston Bruins : 3 - Minnesota North Stars : 1.
7:08 of 3rd period - Adam Lowry wins face-off versus Pavel Zacha in neutral zone.
7:11 of 3rd period - Snap shot by Rasmus Dahlin.
7:11 of 3rd period - Stopped by Pyotr Kochetkov with a rebound.
7:23 of 3rd period - Snap shot by Brandon Hagel.
7:23 of 3rd period - Stopped by Antti Raanta without a rebound.
7:24 of 3rd period - David Krejci wins face-off versus Evgeni Malkin in Minnesota North Stars zone.
8:14 of 3rd period - Slapshot by Viktor Arvidsson.
8:14 of 3rd period - Stopped by Pyotr Kochetkov without a rebound.
8:15 of 3rd period - Ryan Donato wins face-off versus Jack Hughes in Boston Bruins zone.
8:39 of 3rd period - Morgan Geekie is hit by Neal Pionk and loses puck.
8:50 of 3rd period - Snap shot by Viktor Arvidsson.
8:50 of 3rd period - Deflect By Jack Hughes.
8:50 of 3rd period - Shot Blocked by Tyson Barrie.
8:50 of 3rd period - Puck is out of play.
8:51 of 3rd period - Evgeni Malkin wins face-off versus Pavel Zacha in Boston Bruins zone.
8:57 of 3rd period - Minor Penalty to Brandon Hagel for Tripping.
8:58 of 3rd period - David Krejci wins face-off versus Ryan Nugent-Hopkins in Boston Bruins zone.
9:03 of 3rd period - Icing by Rasmus Dahlin.
9:04 of 3rd period - Viktor Arvidsson wins face-off versus John-Jason Peterka in Minnesota North Stars zone.
10:16 of 3rd period - Off-side.
10:17 of 3rd period - Jack Hughes wins face-off versus Ryan Donato in neutral zone.
10:57 of 3rd period - Penalty to Brandon Hagel is over, Brandon Hagel is back on ice.
11:39 of 3rd period - Slapshot by Cam York.
11:39 of 3rd period - Deflect By Jack Hughes.
11:39 of 3rd period - Stopped by Antti Raanta with a rebound.
11:41 of 3rd period - Wrist shot by Morgan Geekie.
11:41 of 3rd period - Stopped by Antti Raanta with a rebound.
11:43 of 3rd period - Wrist shot by John-Jason Peterka.
11:43 of 3rd period - Stopped by Antti Raanta with a rebound.
12:24 of 3rd period - Snap shot by Samuel Bolduc.
12:24 of 3rd period - Stopped by Antti Raanta with a rebound.
12:26 of 3rd period - Snap shot by Joe Veleno.
12:26 of 3rd period - Shot Blocked by Jamie Oleksiak.
12:28 of 3rd period - Snap shot by Joe Veleno.
12:28 of 3rd period - Shot Blocked by Adam Lowry.
12:30 of 3rd period - Slapshot by Matt Grzelcyk.
12:30 of 3rd period - Stopped by Antti Raanta with a rebound.
12:32 of 3rd period - Wrist shot by Matt Grzelcyk.
12:32 of 3rd period - Deflect By Otto Koivula.
12:32 of 3rd period - Stopped by Antti Raanta without a rebound.
12:33 of 3rd period - Pavel Zacha wins face-off versus Jack Hughes in Minnesota North Stars zone.
12:38 of 3rd period - Snap shot by Pavel Zacha.
12:38 of 3rd period - Deflect By Anthony Beauvillier.
12:38 of 3rd period - Stopped by Antti Raanta without a rebound.
12:39 of 3rd period - Pavel Zacha wins face-off versus Adam Lowry in Minnesota North Stars zone.
12:40 of 3rd period - Snap shot by Anthony Beauvillier.
12:40 of 3rd period - Deflect By Brandon Hagel.
12:40 of 3rd period - Shot Blocked by Gustav Forsling.
12:40 of 3rd period - Puck is out of play.
12:41 of 3rd period - Pavel Zacha wins face-off versus Jack Hughes in Minnesota North Stars zone.
13:06 of 3rd period - Wrist shot by Tyson Barrie.
13:06 of 3rd period - Stopped by Antti Raanta with a rebound.
13:08 of 3rd period - Wrist shot by Ryan Donato.
13:08 of 3rd period - Shot Misses the Net.
13:10 of 3rd period - Snap shot by Tyson Barrie.
13:10 of 3rd period - Shot Misses the Net.
13:30 of 3rd period - Wrist shot by Ryan Nugent-Hopkins.
13:30 of 3rd period - Stopped by Pyotr Kochetkov with a rebound.
13:32 of 3rd period - Slapshot by Gustav Forsling.
13:32 of 3rd period - Stopped by Pyotr Kochetkov without a rebound.
13:33 of 3rd period - David Krejci wins face-off versus Ryan Nugent-Hopkins in Boston Bruins zone.
13:38 of 3rd period - Ryan Nugent-Hopkins is hit by David Krejci and loses puck.
13:49 of 3rd period - Ryan Nugent-Hopkins is hit by Joel Farabee and loses puck.
14:04 of 3rd period - Wrist shot by Anthony Beauvillier.
14:04 of 3rd period - Stopped by Antti Raanta without a rebound.
14:05 of 3rd period - Pavel Zacha wins face-off versus Evgeni Malkin in Minnesota North Stars zone.
14:06 of 3rd period - Wrist shot by Brandon Hagel.
14:06 of 3rd period - Stopped by Antti Raanta without a rebound.
14:07 of 3rd period - Pavel Zacha wins face-off versus Evgeni Malkin in Minnesota North Stars zone.
14:16 of 3rd period - Slapshot by Pavel Zacha.
14:16 of 3rd period - Stopped by Antti Raanta with a rebound.
14:18 of 3rd period - Snap shot by Pavel Zacha.
14:18 of 3rd period - Shot Blocked by Brandon Montour.
14:20 of 3rd period - Snap shot by Anthony Beauvillier.
14:20 of 3rd period - Stopped by Antti Raanta without a rebound.
14:21 of 3rd period - David Krejci wins face-off versus Ryan Nugent-Hopkins in Minnesota North Stars zone.
14:36 of 3rd period - Frank Vatrano is hit by Charlie McAvoy and loses puck.
15:18 of 3rd period - Slapshot by Rasmus Dahlin.
15:18 of 3rd period - Deflect By Viktor Arvidsson.
15:18 of 3rd period - Shot Misses the Net.
15:18 of 3rd period - Puck is out of play.
15:19 of 3rd period - Curtis Hall wins face-off versus Ryan Nugent-Hopkins in Boston Bruins zone.
17:00 of 3rd period - Off-side.
17:01 of 3rd period - Jack Hughes wins face-off versus Pavel Zacha in neutral zone.
17:04 of 3rd period - Slapshot by Rasmus Dahlin.
17:04 of 3rd period - Stopped by Pyotr Kochetkov with a rebound.
17:06 of 3rd period - Backhand shot by Viktor Arvidsson.
17:06 of 3rd period - Deflect By Brandon Hagel.
17:06 of 3rd period - Goal by Viktor Arvidsson - Boston Bruins : 3 - Minnesota North Stars : 2.
17:07 of 3rd period - John-Jason Peterka wins face-off versus Jack Hughes in neutral zone.
17:17 of 3rd period - Minor Penalty to Tyson Barrie for Tripping.
17:18 of 3rd period - Jack Hughes wins face-off versus David Krejci in Boston Bruins zone.
17:52 of 3rd period - Samuel Girard is hit by Ryan Nugent-Hopkins and loses puck.
18:37 of 3rd period - Charlie McAvoy is hit by Rasmus Dahlin and loses puck.
19:17 of 3rd period - Penalty to Tyson Barrie is over, Tyson Barrie is back on ice.
19:17 of 3rd period - Icing by Brandon Montour.
19:18 of 3rd period - Ryan Nugent-Hopkins wins face-off versus Brandon Hagel in Minnesota North Stars zone.
19:29 of 3rd period - Minnesota North Stars, Antti Raanta is pulled from the net.
19:51 of 3rd period - Snap shot by Brock Nelson.
19:51 of 3rd period - Shot Misses the Net.
19:53 of 3rd period - Slapshot by Brandon Montour.
19:53 of 3rd period - Stopped by Pyotr Kochetkov with a rebound.
19:59 of 3rd period - Slapshot by Jeff Skinner.
19:59 of 3rd period - Shot Blocked by Charlie McAvoy.
Goals for this period are 2 for Boston Bruins vs 1 for Minnesota North Stars.
Shots for this period are 18 for Boston Bruins vs 12 for Minnesota North Stars.
Back to the Top